 Dungeon Crawl Stone Soup version 0.28.0-45-g0d030f2227 (webtiles) character file.

Game seed: 929912169174070643

88 101zpm the Chiller (level 4, -1/33 HPs)
             Began as a Draconian Ice Elementalist on Apr 18, 2022.
             Slain by a gnoll
             ... wielding a +0 spear
              (4 damage)
             ... on level 2 of the Dungeon.
             The game lasted 00:08:52 (2605 turns).

101zpm the Chiller (Draconian Ice Elementalist)     Turns: 2605, Time: 00:08:52

Health: -1/33      AC:  5    Str: 10    XL:     4   Next: 30%
Magic:  0/9        EV: 12    Int: 18    God:
Gold:   98         SH:  0    Dex: 11    Spells: 5/9 levels left

rFire   . . .      SeeInvis .   k - staff of conjuration
rCold   + . .      Faith    .   (no shield)
rNeg    . . .      Spirit   .   (armour unavailable)
rPois   .          Reflect  .   (helmet restricted)
rElec   .          Harm     .   (no cloak)
rCorr   .          Rampage  .   (no gloves)
Will    .....                   (no boots)
Stlth   ++........              (no amulet)
HPRegen 0.11/turn               b - ring of protection from cold
MPRegen 0.11/turn               (no ring)

@: freezing walls
A: AC +5, unfitting armour, cold-blooded
a: no special abilities


You were on level 2 of the Dungeon.
You visited 1 branch of the dungeon, and saw 2 of its levels.

You collected 98 gold pieces.

Inventory:

Hand Weapons
 f - a +3 vorpal hunting sling
Armour
 j - a +0 tower shield
Magical Staves
 k - a staff of conjuration (weapon)
Jewellery
 b - a ring of protection from cold (left hand)
 e - a ring of flight
Scrolls
 a - a scroll of fear {unknown}
 g - a scroll of identify {unknown}
 i - a scroll of noise {unknown}
Potions
 c - 2 potions of flight {unknown}
 d - a potion of cancellation {unknown}
 h - a potion of might {unknown}


   Skills:
 + Level 1.8 Dodging
 + Level 2.0 Stealth
 + Level 3.4 Spellcasting
 + Level 4.8 Ice Magic


You had 5 spell levels left.
You knew the following spells:

 Your Spells              Type           Power      Damage    Failure   Level
a - Freeze                Ice            80%        1d9       2%          1
b - Frozen Ramparts       Ice            40%        1d6       7%          3

Your spell library contained the following spells:

 Spells                   Type           Power      Damage    Failure   Level
 Ozocubu's Armour         Ice            20%        N/A       7%          3
 Hailstorm                Conj/Ice       17%        3d6       50%         4


Dungeon Overview and Level Annotations

Branches:
Dungeon (2/15)

Altars:

Shops:
D:1 :


Innate Abilities, Weirdness & Mutations

Your plain brown scales are hard. (AC +5)
You cannot fit into any form of body armour.
You are cold-blooded and may be slowed by cold attacks.


Message History

You continue taking off your +0 tower shield.
You block the gnoll's attack.
The gnoll hits you from afar with a +0 spear.
You block the gnoll's attack.
You continue taking off your +0 tower shield.
The gnoll hits you with a +0 club.
The gnoll hits you from afar with a +0 spear.
You block the gnoll's attack.
You continue taking off your +0 tower shield.
The gnoll barely misses you.
The gnoll hits you from afar with a +0 spear.
You block the gnoll's attack.
You finish taking off your +0 tower shield.
The gnoll barely misses you.
Casting: Frozen Ramparts (quite dangerous; 7% risk of failure)
Confirm with . or Enter, or press ? or * to list all spells.
The spell is quite dangerous to miscast (7% risk of failure)!
Continue anyway?
Casting: Frozen Ramparts (quite dangerous; 7% risk of failure)
Press: ? - help, Dir - look around, f - activate The walls around you are covered in ice.
The wall freezes the gnoll.
The gnoll hits you from afar with a +0 spear.
* * * LOW HITPOINT WARNING * * *
The wall freezes the gnoll.
The gnoll closely misses you.
The wall freezes the gnoll.
The gnoll hits you with a +0 club.
* * * LOW HITPOINT WARNING * * *
The wall freezes the gnoll.
The gnoll closely misses you.
The wall freezes the gnoll.
The gnoll closely misses you.
The wall freezes the gnoll.
The gnoll hits you with a +0 club.
* * * LOW HITPOINT WARNING * * *
The wall freezes the gnoll.
The gnoll hits you from afar with a +0 spear.
* * * LOW HITPOINT WARNING * * *
The wall freezes the gnoll.
The gnoll closely misses you.
The wall freezes the gnoll.
The gnoll closely misses you.
The wall freezes the gnoll.
You kill the gnoll!
The wall freezes the gnoll.
The gnoll hits you from afar with a +0 spear.
You die...

### #.###### #...).<#
#.###### #.....#
#####.# #.#
#############.# ##
#######..gg@........#
.#
#........)###########
.# #.........# .#
#.........# .#
#.........#
.#####.........#
..g..........###
######################
....#...#..#..........


You could see 2 gnolls.

Vanquished Creatures
  2 adders (D:2)
  4 gnolls (D:2)
  A dart slug (D:1)
  4 ball pythons
  7 endoplasms
  A giant cockroach (D:1)
  2 goblins (D:1)
  3 hobgoblins (D:1)
  3 quokkas
  4 bats
  5 frilled lizards
  2 kobolds (D:1)
  2 rats (D:1)
40 creatures vanquished.

Notes
Turn   | Place    | Note
-------+----------+-------------------------------------------
     0 | D:1      | 101zpm the Draconian Ice Elementalist began the quest for
                  | the Orb.
     0 | D:1      | Reached XP level 1. HP: 14/14 MP: 3/3
   474 | D:1      | Reached XP level 2. HP: 15/20 MP: 0/5
   737 | D:1      | Found Zahyatt's Book Boutique.
  1241 | D:1      | Reached XP level 3. HP: 25/26 MP: 1/6
  1245 | D:1      | Learned a level 3 spell: Frozen Ramparts
  1843 | D:2      | Found a faded altar of an unknown god.
  2013 | D:2      | Reached XP level 4. HP: 33/33 MP: 4/8
  2605 | D:2      | Slain by a gnoll

Illustrated notes

Levels and vault maps discovered:
D:1:      ncdulo_lavacross, layout_loops_ring, serial_shops, nicolae_shop_stone,
          nicolae_figureground_sparkle
D:2:      layout_basic, hellmonk_ecumenical_altar_slurped_away,
          minmay_misc_feat_cross, kennysheep_another_room,
          minmay_misc_feat_hallway, uniq_terence

Skill      XL: |  1  2  3 |
---------------+----------+-----
Stealth        | 2 |  2.0
Spellcasting   | 3 |  3.4
Dodging        | |  1.8
Ice Magic      | |  4.8

Action                   |  1- 3 |  4- 6 || total
-------------------------+-------+-------++-------
Melee: Unarmed           |     6 |       ||     6
       Tailslap          |     1 |       ||     1
       Staff             |       |     3 ||     3
 Cast: Freeze            |    52 |     8 ||    60
       Frozen Ramparts   |     5 |     1 ||     6
Armor: Skin              |    14 |     6 ||    20
Dodge: Dodged            |    37 |    16 ||    53
Block: Tower shield      |       |    19 ||    19
